 Dungeon Crawl Stone Soup version 0.30-a0-219-gf2db51d15e (console) character file.

Game seed: 17738598434994592898

557 jejorda2 the Slasher (level 7, -2/61 HPs)
             Began as a Black Draconian Berserker on Oct 7, 2022.
             Was a Priest of Trog.
             Slain by a gnoll
             ... wielding a +0 flail
             ... led by a gnoll bouda
              (6 damage)
             ... on level 5 of the Dungeon.
             The game lasted 00:07:45 (3406 turns).

jejorda2 the Slasher (Black Draconian Berserker)    Turns: 3406, Time: 00:07:46

Health: -2/61      AC:  7    Str: 19    XL:     7   Next: 9%
Magic:  7/7        EV: 13    Int:  8    God:    Trog [***...]
Gold:   190        SH:  0    Dex: 12    Spells: 6/6 levels left

rFire   . . .      SeeInvis .    a - +0 falchion
rCold   + + .      Faith    .    (no shield)
rNeg    . . .      Spirit   .    (body armour unavailable)
rPois   .          Reflect  .    (helmet restricted)
rElec   +          Harm     .    c - +0 cloak
rCorr   +          Rampage  .    (no gloves)
Will    .....                    (no boots)
Stlth   +.........               (no amulet)
HPRegen 0.30/turn                D - ring of protection from cold
MPRegen 0.10/turn                C - ring of resist corrosion

@: brilliant, short of breath, on berserk cooldown
A: breathe lightning, AC +6, unfitting armour, electricity resistance,
cold-blooded, cold resistance 1, wild magic 1, inability to drink after injury
1, MP-powered wands
a: Breathe Lightning, Renounce Religion, Berserk, Trog's Hand


You were on level 5 of the Dungeon.
You worshipped Trog.
Trog was most pleased with you.
You visited 1 branch of the dungeon, and saw 5 of its levels.

You collected 190 gold pieces.

Inventory:

Hand Weapons
 a - a +0 falchion (weapon)
 i - a +1 dagger of protection
Missiles
 l - 40 stones (quivered)
 E - 3 boomerangs
 G - 6 boomerangs of dispersal
Armour
 c - a +0 cloak (worn)
Jewellery
 B - a ring of poison resistance
 C - a ring of resist corrosion (right hand)
 D - a ring of protection from cold (left hand)
Wands
 u - a wand of paralysis (9)
Scrolls
 b - 7 scrolls of identify {unknown}
 d - 2 scrolls of teleportation {unknown}
 e - a scroll of blinking {unknown}
 f - a scroll of enchant weapon {unknown}
 g - a scroll of poison {unknown}
 m - a scroll of silence {unknown}
 n - 3 scrolls of vulnerability {unknown}
 q - 2 scrolls of enchant armour {unknown}
 t - 4 scrolls of noise {unknown}
 v - a scroll of fear {unknown}
 w - a scroll of torment {unknown}
 y - a scroll of amnesia {unknown}
 F - a scroll of magic mapping {unknown}
Potions
 j - a potion of lignification
 k - 3 potions of haste {unknown}
 o - a potion of ambrosia {unknown}
 p - 3 potions of curing {unknown}
 r - a potion of invisibility {unknown}
 s - a potion of heal wounds {unknown}
 x - a potion of flight {unknown}
 z - 2 potions of cancellation


   Skills:
 + Level 5.2 Fighting
 * Level 6.1 Long Blades
 + Level 4.3 Dodging


You had 6 spell levels left.
You didn't know any spells.
Your spell library was empty.

Dungeon Overview and Level Annotations

Branches:
Dungeon (5/15)
 Temple: D:4-7

Altars:


Innate Abilities, Weirdness & Mutations

You can breathe wild blasts of lightning.
Your glossy black scales are hard. (AC +6)
You cannot fit into any form of body armour.
You are resistant to electric shocks. (rElec)
You are cold-blooded and may be slowed by cold attacks.
Your flesh is cold resistant. (rC+)
Your spells are a little harder to cast, but a little more powerful.
You occasionally lose the ability to drink potions when taking damage.
You expend magic power (3 MP) to strengthen your wands.


Message History

The ice beast hits you but does no damage.
You slash the ice beast!
The ice beast is almost dead.
The ice beast barely misses you.
You completely miss the ice beast.
The ice beast is almost dead.
The ice beast hits you.
* * * LOW HITPOINT WARNING * * *
The ice beast freezes you! You resist.
* * * LOW HITPOINT WARNING * * *
You barely miss the ice beast.
The ice beast is almost dead.
The ice beast hits you but does no damage.
You closely miss the ice beast.
The ice beast is almost dead.
You feel less wooden.
Your +0 cloak unmelds from your body.
The ice beast hits you but does no damage.
You barely miss the ice beast.
The ice beast is almost dead.
The ice beast hits you but does no damage.
You slash the ice beast!
You kill the ice beast!
Trog accepts your kill.
Your Long Blades skill increases to level 6!
You have reached level 7!
Your scales start taking on a glossy black colour.
You learn Air Magic much quicker.
You learn Earth Magic much slower.
You can breathe wild blasts of lightning.
You feel insulated.
Activating: Breathe Lightning (5% risk of failure)
Press: ? - help, Dir - look around, f - activate You breathe a wild blast of lightning!
You hear a mighty clap of thunder! x3
The bolt of lightning misses the gnoll.
The bolt of lightning hits the hound!!
You kill the hound!
Trog accepts your kill.
You hear a mighty clap of thunder!
The gnoll hits you with a +0 flail.
You die...

#.# #.# #.#
#.# #.# ##.#
#..# #.## #@#
## #g#
#...###.#
#..))#....#
#...###.#####
... .# . ##


You could see a gnoll.

Vanquished Creatures
  An ice beast (D:5)
  A black bear (D:4)
  An ogre (D:4)
  A gnoll bouda (D:5)
  A hound (D:5)
  Jessica (D:3)
  An iguana (D:4)
  3 gnolls (D:5)
  7 adders
  2 worms (D:2)
  3 dart slugs
  8 orcs
  5 ball pythons
  12 bats
  8 endoplasms
  4 giant cockroaches
  4 goblins
  12 hobgoblins
  4 jackals
  3 quokkas
  2 frilled lizards (D:1)
  4 kobolds
  7 rats
95 creatures vanquished.

Notes
Turn   | Place    | Note
-------+----------+-------------------------------------------
     0 | D:1      | jejorda2 the Draconian Berserker began the quest for the
                  | Orb.
     0 | D:1      | Reached XP level 1. HP: 19/19 MP: 1/1
   254 | D:1      | Reached XP level 2. HP: 26/26 MP: 2/2
   635 | D:1      | Found a faded altar of an unknown god.
   676 | D:1      | Reached ** piety under Trog
   875 | D:1      | Reached XP level 3. HP: 31/31 MP: 3/3
  1243 | D:2      | Reached skill level 4 in Long Blades
  1247 | D:2      | Reached XP level 4. HP: 40/40 MP: 4/4
  1951 | D:3      | Noticed Jessica
  1956 | D:3      | Killed Jessica
  1968 | D:3      | Reached XP level 5. HP: 46/46 MP: 5/5
  2743 | D:4      | Noticed an ogre
  2751 | D:4      | Killed an ogre
  2752 | D:4      | Reached skill level 5 in Long Blades
  2752 | D:4      | Reached XP level 6. HP: 53/53 MP: 6/6
  3006 | D:4      | Reached *** piety under Trog
  3333 | D:5      | Entered Level 5 of the Dungeon
  3354 | D:5      | Noticed an ice beast
  3360 | D:5      | Reached skill level 5 in Fighting
  3380 | D:5      | Gained mutation: You occasionally lose the ability to drink
                  | potions when taking damage. [potion of mutation]
  3380 | D:5      | Gained mutation: Your flesh is cold resistant. (rC+)
                  | [potion of mutation]
  3380 | D:5      | Gained mutation: Your spells are a little harder to cast,
                  | but a little more powerful. [potion of mutation]
  3380 | D:5      | Gained mutation: You expend magic power (3 MP) to
                  | strengthen your wands. [potion of mutation]
  3401 | D:5      | HP: 3/84 [ice beast (7)]
  3405 | D:5      | Killed an ice beast
  3406 | D:5      | Reached skill level 6 in Long Blades
  3406 | D:5      | Your scales start taking on a glossy black colour.
  3406 | D:5      | Reached XP level 7. HP: 4/61 MP: 7/7
  3406 | D:5      | Gained mutation: You are resistant to electric shocks.
                  | (rElec) [Black Draconian growth]
  3406 | D:5      | Slain by a gnoll

Illustrated notes

Levels and vault maps discovered:
D:1:      lightli_arrival_quake, layout_basic, chequers_ecumenical_altar_lobes,
          st_stairs_2, serial_bayou_pond_d
D:2:      layout_basic, minmay_joined_circles
D:3:      layout_loops_cross, uniq_jessica
D:4:      layout_rooms
D:5:      layout_loops_ring, uniq_grinder

Skill      XL: |  1  2  3  4  5  6 |
---------------+-------------------+-----
Dodging        | 3 4 |  4.3
Long Blades    | 4 5 6 |  6.1
Fighting       | 4 5 |  5.2

Action                   |  1- 3 |  4- 6 |  7- 9 || total
-------------------------+-------+-------+-------++-------
Melee: Falchion          |   124 |   221 |       ||   345
       Tailslap          |    12 |    29 |       ||    41
       Punch             |       |     5 |       ||     5
Throw: Stone             |       |     3 |       ||     3
Invok: Berserk           |     1 |     2 |       ||     3
       Trog's Hand       |       |     2 |       ||     2
 Abil: Breathe Lightning |       |       |     1 ||     1
  Use: Potion            |       |     4 |       ||     4
 Stab: Sleeping          |     1 |     2 |       ||     3
Armor: Skin              |    37 |    89 |       ||   126
Dodge: Dodged            |    76 |   156 |       ||   232

Table legend: (Time is in decaauts)
 A = Elapsed time spent in this place.
 B = Non-inter-level travel time spent in this place.
 C = Inter-level travel time spent in this place.
 D = Time resting spent in this place.
 E = Time spent auto-exploring this place.
 F = Levels seen in this place.
 G = Mean time per level.
                   A        B        C        D        E       F      G
               +--------+--------+--------+--------+--------+-----+--------+
         Total |   3449 |   3329 |    120 |     93 |   2411 |   5 |  689.8 |
       Dungeon |   3449 |   3329 |    120 |     93 |   2411 |   5 |  689.8 |
               +--------+--------+--------+--------+--------+-----+--------+

Top non-repeatable levels by time:
     D:2: 1043 daAuts
     D:1: 936 daAuts
     D:3: 755 daAuts
     D:4: 641 daAuts
     D:5: 71 daAuts
